 Dungeon Sprint DCSS version 0.30-a0-4-ga7cffc901d (webtiles) character file.

Game seed: 13738907871517729882

20268 Conn the Scorcher (level 12, 0/69 HPs)
             Began as an Octopode Fire Elementalist on Aug 21, 2022.
             Was the Champion of Sif Muna.
             Killed from afar by a purple draconian shifter (12 damage)
             ... with a bolt of dispelling energy
             ... in the Dungeon (Sprint II: "The Violet Keep of Menkaure").
             The game lasted 00:47:37 (3830 turns).

Conn the Scorcher (Octopode Fire Elementalist)      Turns: 3830, Time: 00:47:37

Health: 0/69       AC:  8    Str:  9    XL:     12   Next: 77%
Magic:  31/31      EV: 15    Int: 30    God:    Sif Muna [******]
Gold:   666        SH: 10    Dex: 12    Spells: 3/42 levels left

rFire   + + .      SeeInvis .    h - staff of conjuration
rCold   x . .      Faith    .    r - +1 buckler {AC+3}
rNeg    . . .      Spirit   .    t - +0 hat {Int+3}
rPois   +          Reflect  +    y - amulet of reflection
rElec   .          Harm     .    k - ring of fire
rCorr   .          Rampage  .    w - ring "Ypyoter" {rPois rF+}
Will    .....      NoTele   +    z - +6 ring of intelligence
Stlth   ++++++....               A - +4 ring of protection
HPRegen 0.21/turn                (no ring)
MPRegen 0.22/turn                (no ring)
                                 (no ring)
                                 (no ring)

@: on blink cooldown
A: almost no armour, amphibious, 8 rings, camouflage 1, gelatinous body 1,
nimble swimmer 1, tentacles
a: Renounce Religion, Channel Magic, Forget Spell, Divine Exegesis


You were in the Dungeon.
You worshipped Sif Muna.
Sif Muna was exalted by your worship.
You visited 1 branch You collected 3441 gold pieces.
You spent 2775 gold pieces at shops.

Inventory:

Hand Weapons
 c - a +2 longbow of flaming
 q - a +1 dagger of venom
Armour
 r - a +1 buckler of protection (worn)
 t - a +0 hat of intelligence (worn)
Magical Staves
 b - a staff of air
 h - a staff of conjuration (weapon)
Jewellery
 k - a ring of fire (left tentacle)
 u - the macabre finger necklace {rN+}
   (You took it off an orc sorcerer in the Dungeon)

   [amulet of nothing]

   It enables you to equip an extra ring.
   rN:        It protects you from negative energy.
 w - the ring "Ypyoter" (right tentacle) {rPois rF+}
   (You found it in the Dungeon)

   [ring of poison resistance]

   rF:        It protects you from fire.
   rPois:     It protects you from poison.
 y - an amulet of reflection (around mantle)
 z - a +6 ring of intelligence (on tentacle)
 A - a +4 ring of protection (on tentacle)
Scrolls
 f - 2 scrolls of blinking
 j - 2 scrolls of enchant weapon {unknown}
 l - a scroll of fog
 o - 2 scrolls of vulnerability
 s - a scroll of immolation
 v - a scroll of identify
 B - a scroll of enchant armour {unknown}
Potions
 a - a potion of magic
 e - 6 potions of flight
 i - 6 potions of haste
 n - a potion of lignification
 p - a potion of attraction
 x - a potion of experience {unknown}


   Skills:
 + Level 1.4 Fighting
 + Level 7.1 Dodging
 - Level 9.6 Stealth
 + Level 2.0 Shields
 + Level 3.9 Unarmed Combat
 * Level 15.5 Spellcasting
 + Level 13.5 Conjurations
 + Level 5.1 Hexes
 + Level 8.7 Summonings
 + Level 0.3 Translocations
 + Level 16.4 Fire Magic
 + Level 6.0 Ice Magic
 * Level 12.4 Invocations


You had 3 spell levels left.
You knew the following spells:

 Your Spells              Type           Power      Damage    Failure   Level
a - Foxfire               Conj/Fire      100%       2x1d9     0%          1
b - Conjure Flame         Conj/Fire      100%       6-21      0%          3
c - Inner Flame           Hex/Fire       93%        N/A       1%          3
d - Flame Wave            Conj/Fire      100%       2d21      1%          4
e - Scorch                Fire           100%       2d10      0%          2
f - Call Canine Familiar  Summ           66%        N/A       1%          3
g - Frozen Ramparts       Ice            100%       1d16      1%          3
h - Summon Small Mammal   Summ           100%       N/A       1%          1
i - Blink                 Tloc           50%        N/A       3%          2
j - Summon Ice Beast      Ice/Summ       61%        N/A       1%          4
k - Sticky Flame          Conj/Fire      100%       2d11      1%          4
l - Iskenderun's Mystic   Conj/Tloc      77%        2d15      1%          4
m - Fireball              Conj/Fire      65%        3d25      1%          5

Your spell library contained the following spells:

 Spells                   Type           Power      Damage    Failure   Level
 Magic Dart               Conj           100%       1d8       0%          1
 Searing Ray              Conj           100%       2d8       0%          2
 Freeze                   Ice            100%       1d11      1%          1
 Slow                     Hex            100%       N/A       1%          1
 Call Imp                 Summ           66%        N/A       1%          2
 Static Discharge         Conj/Air       77%        3-13/arc  1%          2
 Confusing Touch          Hex            52%        N/A       1%          3
 Dazzling Flash           Conj/Hex       100%       N/A       1%          3
 Mephitic Cloud           Conj/Pois/Air  66%        N/A       1%          3
 Stone Arrow              Conj/Erth      100%       3d13      1%          3
 Summon Guardian Golem    Hex/Summ       59%        N/A       1%          3
 Tukima's Dance           Hex            52%        N/A       1%          3
 Apportation              Tloc           50%        N/A       2%          1
 Necrotise                Necr           92%        1d8       2%          1
 Portal Projectile        Hex/Tloc       78%        N/A       2%          3
 Sublimation of Blood     Necr           23%        N/A       4%          2
 Wereblood                Tmut           23%        N/A       4%          2
 Lesser Beckoning         Tloc           25%        N/A       7%          3
 Vampiric Draining        Necr           23%        2d7       8%          3
 Fulminant Prism          Conj/Hex       43%        3d20      1%          4
 Hailstorm                Conj/Ice       89%        3d18      1%          4
 Starburst                Conj/Fire      65%        6d17      1%          6
 Irradiate                Conj/Tmut      38%        3d24      4%          5
 Lightning Bolt           Conj/Air       38%        1d57      4%          5
 Summon Mana Viper        Hex/Summ       59%        N/A       4%          5
 Ice Form                 Ice/Tmut       41%        N/A       8%          4
 Metabolic Englaciation   Hex/Ice        27%        N/A       8%          5
 Leda's Liquefaction      Hex/Erth       19%        N/A       9%          4
 Orb of Destruction       Conj           51%        9d13      9%          7
 Summon Forest            Summ/Tloc      25%        N/A       11%         5
 Summon Cactus Giant      Summ           33%        N/A       11%         6
 Ignition                 Fire           55%        3d15      21%         8
 Passage of Golubria      Tloc           25%        N/A       22%         4
 Spellforged Servitor     Conj/Summ      47%        N/A       22%         7
 Silence                  Hex/Air        19%        N/A       26%         5
 Yara's Violent Unravell  Hex/Tmut       19%        3d9       26%         5
 Summon Hydra             Summ           33%        N/A       52%         7
 Manifold Assault         Tloc           25%        N/A       54%         5
 Blade Hands              Tmut           11%        N/A       58%         5
 Borgnjor's Vile Clutch   Necr/Erth      11%        N/A       58%         5
 Simulacrum               Ice/Necr       20%        N/A       75%         6
 Malign Gateway           Summ/Tloc      25%        N/A       98%         7
 Eringya's Noxious Bog    Tmut/Pois      11%        N/A       99%         6
 Fire Storm               Conj/Fire      65%        8d16      99%         9
 Discord                  Hex            26%        N/A       100%        8
 Necromutation            Tmut/Necr      11%        N/A       100%        8
 Chain Lightning          Conj/Air       38%        3d51      100%        9
 Dragon's Call            Summ           33%        N/A       100%        9


Dungeon Overview and Level Annotations

Branches:
Dungeon (1/1)

Altars:
Cheibriados
Dithmenos
Elyvilon
Fedhas
Gozag
Hepliaklqana
Kikubaaqudgha
Makhleb
Nemelex Xobeh
Okawaru
Qazlal
Ru
Sif Muna
Trog
Uskayaw
Vehumet
Wu Jian
Xom
Yredelemnul
Zin
The Shining One
Jiyva
Lugonu

Shops:
D !:?*[:=?!!!![:=?((:

Annotations:
D exclusions: ice statue and oklob plant, Roxanne


Innate Abilities, Weirdness & Mutations

You cannot wear most types of armour.
You are amphibious.
You can wear up to eight rings at the same time.
Your skin changes colour to match your surroundings (Stealth+).
Your rubbery body absorbs attacks. (AC +1, EV +1)
You are camouflaged when in or above water. (Stealth+)
You have tentacles for arms and can constrict up to eight enemies at once.


Message History

Unknown command.
Unknown command.
Casting: Summon Ice Beast (mildly dangerous; 1% risk of failure)
Confirm with . or Enter, or press ? or * to list all spells.
Okay, then.
Unknown command.
Unknown command.
Okay, then.
Okay, then.
Unknown command.
Unknown command.
As you read the scroll of summoning, it crumbles to dust.
Wisps of shadow whirl around you...
You feel less wooden.
Your +0 hat of intelligence unmelds from your body.
You feel clever.
You feel yourself slow down.
Your resistance to elements expires.
Really read the scroll of immolation?
As you read the scroll of immolation, it crumbles to dust.
The creatures around you are filled with an inner flame!
The hellephant blinks!
Your quokka barely misses the hellephant.
Your goblin barely misses the hellephant.
Unknown command.
Okay, then.
Casting: Summon Ice Beast (dangerous; 1% risk of failure)
Confirm with . or Enter, or press ? or * to list all spells.
You blink.
Floosh!
The purple draconian shifter casts a spell at you.
You blink.
Floosh!
Casting: Blink (safe; 3% risk of failure)
Confirm with . or Enter, or press ? or * to list all spells.
Okay, then.
You aren't carrying any items that you can evoke.
Magic courses through your body.
The purple draconian shifter breathes dispelling energy at you.
The bolt of dispelling energy hits you!
You die...

._#§~~~≈##..#..▓~#
_.#§§~≈≈§#..#..▓~#
._#~§§§§≈'..'..▓~#
_.#~~§§≈~#..#..▓~#
._.~~≈§≈≈▓..#..▓~#
...~≈§§▓▓▓▓▓▓▓▓▓~#
###2≈§§▓§Sg≈≈≈≈q~#
~§§≈≈§≈▓.Br≈Y§≈~~#
###≈▓▓▓▓▓▓▓▓▓≈≈~@#
).#▓▓§≈≈§°≈≈▓▓≈~~#
..#▓§○°°≈§≈°§▓▓~~#
||'§○≈°≈≈°≈§≈○+~~#
..##°≈°≈§§≈°§#####
[.###°≈≈§§§≈## [.#
######### ###


You could see a hellephant (inner flame, ally target), a purple draconian
shifter (inner flame, catching breath), a friendly quokka (summoned, inner
flame), a friendly giant cockroach (summoned, inner flame), a friendly goblin
(summoned, inner flame) and a friendly ball python (summoned, inner flame).

Vanquished Creatures
  A deep elf blademaster (D)
  2 sphinxes (D)
  A kraken (D)
  Gastronok (D)
  Kirke (D)
  Nessos (D)
  A dire elephant (D)
  A yaktaur captain (D)
  A centaur warrior (D)
  3 sixfirhies (D)
  2 death drakes (D)
  2 deep trolls (D)
  A harpy (D)
  3 orc sorcerers (D)
  An elephant (D)
  A merfolk siren (D)
  An eye of devastation (D)
  A kobold demonologist (D)
  A yaktaur (D)
  5 polar bears (D)
  A hornet (D)
  2 wyverns (D)
  6 flying skulls (D)
  2 redbacks (D)
  Menkaure (D)
  3 water moccasins (D)
  A swamp drake (D)
  4 scorpions (D)
  9 electric eels (D)
  4 lava snakes (D)
  A jelly (D)
  An iron imp (D)
  A hell rat (D)
  3 worms (D)
70 creatures vanquished.

Vanquished Creatures (collateral kills)
  A necrophage (D)
1 creature vanquished.

Vanquished Creatures (others)
  Sonja (D)
  A water moccasin (D)
  198 foxfires (D)
  36 tentacles (D)
236 creatures vanquished.

Grand Total: 307 creatures vanquished

Notes
Turn   | Place    | Note
-------+----------+-------------------------------------------
     0 | D        | Conn the Octopode Fire Elementalist began the quest for the
                  | Orb.
     0 | D        | Reached XP level 1. HP: 11/11 MP: 3/3
     1 | D        | Noticed a scorpion
     1 | D        | Noticed a scorpion
     1 | D        | Noticed a scorpion
     1 | D        | Noticed a scorpion
     7 | D        | Killed a scorpion
     8 | D        | Reached skill level 1 in Unarmed Combat
     8 | D        | Reached skill level 6 in Fire Magic
     8 | D        | Reached XP level 2. HP: 11/17 MP: 4/6
     8 | D        | Reached XP level 3. HP: 14/21 MP: 4/7
     8 | D        | Reached XP level 4. HP: 18/27 MP: 5/9
     8 | D        | Killed a scorpion
     9 | D        | Reached skill level 7 in Fire Magic
     9 | D        | Killed a scorpion
    10 | D        | Reached skill level 5 in Stealth
    10 | D        | Reached skill level 8 in Fire Magic
    10 | D        | Reached XP level 5. HP: 21/31 MP: 5/11
    11 | D        | Reached XP level 6. HP: 24/36 MP: 5/13
    19 | D        | Killed a water moccasin
    22 | D        | Learned a level 2 spell: Scorch
    26 | D        | Learned a level 3 spell: Conjure Flame
    30 | D        | Learned a level 3 spell: Inner Flame
    35 | D        | Learned a level 4 spell: Flame Wave
    39 | D        | Noticed a merfolk siren
    49 | D        | Killed a merfolk siren
    50 | D        | Reached skill level 5 in Dodging
    50 | D        | Reached skill level 5 in Conjurations
    50 | D        | Reached skill level 1 in Hexes
    50 | D        | Reached skill level 10 in Fire Magic
    50 | D        | Reached XP level 7. HP: 23/41 MP: 6/16
    77 | D        | Noticed a wyvern
    77 | D        | Noticed a wyvern
   113 | D        | Killed a wyvern
   113 | D        | Killed a wyvern
   114 | D        | Reached skill level 11 in Fire Magic
   114 | D        | Reached XP level 8. HP: 30/46 MP: 16/18
   165 | D        | Identified Roxanne's Disquisition on Metal
   165 | D        | Noticed Roxanne
   174 | D        | Noticed Menkaure
   176 | D        | Killed Menkaure
   180 | D        | Found Tuif's Magic Scroll Boutique.
   180 | D        | Found Koascher's Antique Weapon Shop.
   181 | D        | Found Heduir's Antique Armour Shop.
   181 | D        | Found Faolael's Book Boutique.
   181 | D        | Found Hitoyfiz's Jewellery Shop.
   182 | D        | Found Bocrof's Distillery.
   182 | D        | Found Saul's Distillery.
   182 | D        | Found Fityehek's Distillery.
   182 | D        | Found Qoro's Distillery.
   183 | D        | Found Hifedy's Jewellery Boutique.
   183 | D        | Found Dela's Book Boutique.
   183 | D        | Found Heilaty's Antique Armour Shop.
   213 | D        | Noticed an ice statue
   222 | D        | Found an opulent altar of Gozag.
   223 | D        | Found a blossoming altar of Fedhas.
   224 | D        | Found a white marble altar of Elyvilon.
   224 | D        | Found a burning altar of Makhleb.
   225 | D        | Found a shadowy altar of Dithmenos.
   225 | D        | Found a corrupted altar of Lugonu.
   226 | D        | Found a snail-covered altar of Cheibriados.
   226 | D        | Found an ancient bone altar of Kikubaaqudgha.
   226 | D        | Found a bloodstained altar of Trog.
   227 | D        | Found a viscous altar of Jiyva.
   227 | D        | Found a shimmering blue altar of Sif Muna.
   228 | D        | Found a hazy altar of Hepliaklqana.
   228 | D        | Found a sacrificial altar of Ru.
   229 | D        | Found a shimmering altar of Xom.
   230 | D        | Found a stormy altar of Qazlal.
   230 | D        | Found an ornate altar of the Wu Jian Council.
   230 | D        | Found a sparkling altar of Nemelex Xobeh.
   230 | D        | Found a hide-covered altar of Uskayaw.
   230 | D        | Found a basalt altar of Yredelemnul.
   230 | D        | Found a glowing golden altar of the Shining One.
   231 | D        | Found a radiant altar of Vehumet.
   231 | D        | Found an iron altar of Okawaru.
   231 | D        | Found a glowing silver altar of Zin.
   236 | D        | Became a worshipper of Sif Muna the Loreminder
   251 | D        | Noticed a kraken
   375 | D        | Learned a level 3 spell: Call Canine Familiar
   379 | D        | Learned a level 3 spell: Frozen Ramparts
   381 | D        | Learned a level 1 spell: Summon Small Mammal
   558 | D        | Noticed a yaktaur
   558 | D        | Noticed a hornet
   558 | D        | Noticed a polar bear
   560 | D        | Noticed a polar bear
   564 | D        | Killed a polar bear
   565 | D        | Reached skill level 1 in Summonings
   565 | D        | Reached skill level 1 in Ice Magic
   565 | D        | Reached skill level 1 in Invocations
   568 | D        | Killed a polar bear
   569 | D        | Killed a yaktaur
   569 | D        | Reached * piety under Sif Muna
   570 | D        | Reached skill level 12 in Fire Magic
   570 | D        | Reached XP level 9. HP: 32/51 MP: 15/21
   570 | D        | Killed a hornet
   621 | D        | Noticed a polar bear
   628 | D        | Killed a polar bear
   766 | D        | Found Paquul's Magic Scroll Shop.
   766 | D        | Noticed a great orb of eyes
   766 | D        | Noticed an oklob plant
   767 | D        | Found Mobro's Book Shoppe.
   767 | D        | Found Deugor's Distillery.
   771 | D        | Noticed an ice dragon
   780 | D        | Bought a book of Spatial Translocations for 338 gold pieces
   783 | D        | Bought a scroll of acquirement for 572 gold pieces
   784 | D        | Acquired a +1 buckler of protection
   807 | D        | Bought 2 potions of lignification for 84 gold pieces
   822 | D        | Bought a potion of heal wounds for 60 gold pieces
   822 | D        | Bought a potion of heal wounds for 60 gold pieces
   830 | D        | Bought a scroll of immolation for 44 gold pieces
   838 | D        | Bought a potion of curing for 30 gold pieces
   845 | D        | Learned a level 2 spell: Blink
   850 | D        | Learned a level 4 spell: Summon Ice Beast
   895 | D        | Reached ** piety under Sif Muna
   937 | D        | Reached *** piety under Sif Muna
   967 | D        | Reached **** piety under Sif Muna
   968 | D        | Reached skill level 5 in Invocations
  1101 | D        | Noticed a sixfirhy
  1109 | D        | Reached skill level 5 in Summonings
  1113 | D        | Noticed a sixfirhy
  1117 | D        | Noticed a sixfirhy
  1124 | D        | Found Otzuts's Book Shoppe.
  1125 | D        | Found Orexuw's Weapon Boutique.
  1175 | D        | Killed a sixfirhy
  1176 | D        | Reached skill level 10 in Spellcasting
  1176 | D        | Reached XP level 10. HP: 34/56 MP: 7/24
  1176 | D        | Killed a sixfirhy
  1176 | D        | Reached ***** piety under Sif Muna
  1177 | D        | Reached skill level 13 in Fire Magic
  1177 | D        | Killed a sixfirhy
  1177 | D        | Received a gift from Sif Muna
  1178 | D        | Got Sif Muna's Atlas of Outbursts {god gift}
  1184 | D        | Learned a level 4 spell: Sticky Flame
  1295 | D        | Noticed Gastronok
  1311 | D        | Identified the amulet of Bac Kopn {RegenMP Str+2 Int+6
                  | SInv}
  1321 | D        | Killed Gastronok
  1322 | D        | Reached skill level 10 in Conjurations
  1353 | D        | Noticed a dire elephant
  1353 | D        | Noticed an orc sorcerer
  1353 | D        | Noticed an orc sorcerer
  1353 | D        | Noticed an orc sorcerer
  1371 | D        | Found Gusijurph's Magic Scroll Boutique.
  1372 | D        | Found Gerhullysh's General Store.
  1374 | D        | Noticed Nessos
  1392 | D        | HP: 4/84 [Nessos/arrow (1)]
  1401 | D        | Killed Nessos
  1415 | D        | Paralysed by an orc sorcerer for 5 turns
  1421 | D        | Killed an orc sorcerer
  1422 | D        | Reached XP level 11. HP: 15/61 MP: 16/26
  1680 | D        | Killed a dire elephant
  1681 | D        | Reached skill level 5 in Ice Magic
  1811 | D        | Killed an orc sorcerer
  1812 | D        | Reached skill level 14 in Fire Magic
  1821 | D        | Killed an orc sorcerer
  1998 | D        | Identified the ring "Ypyoter" {rPois rF+}
  2006 | D        | Identified the +1 ring mail of Igysk {Contam Harm rPois
                  | MP+9}
  2008 | D        | Got the Compendium of Geometric Clouds
  2014 | D        | Learned a level 4 spell: Iskenderun's Mystic Blast
  2031 | D        | Acquired 1013 gold pieces
  2070 | D        | Bought a book of Minor Magic for 216 gold pieces
  2095 | D        | Bought a scroll of immolation for 40 gold pieces
  2096 | D        | Bought a potion of heal wounds for 55 gold pieces
  2096 | D        | Bought a scroll of blinking for 82 gold pieces
  2096 | D        | Bought an amulet of reflection for 330 gold pieces
  2243 | D        | Bought a +6 ring of intelligence for 432 gold pieces
  2243 | D        | Bought a +4 ring of protection for 432 gold pieces
  2258 | D        | Noticed a centaur warrior
  2258 | D        | Noticed Kirke
  2263 | D        | Noticed a yaktaur captain
  2266 | D        | Noticed a skeletal warrior
  2268 | D        | Killed a yaktaur captain
  2277 | D        | Noticed a sphinx
  2277 | D        | Killed Kirke
  2277 | D        | Received a gift from Sif Muna
  2277 | D        | HP: 3/61 [spore (17)]
  2288 | D        | Killed a centaur warrior
  2289 | D        | Reached skill level 10 in Invocations
  2520 | D        | Got Sif Muna's Tome of Morbid Hexes {god gift}
  2665 | D        | Noticed a bone dragon
  2665 | D        | Noticed a storm dragon
  2665 | D        | Noticed a cacodemon
  2720 | D        | Noticed a death drake
  2722 | D        | Noticed a death drake
  2733 | D        | Killed a death drake
  2734 | D        | Reached skill level 15 in Fire Magic
  2742 | D        | Killed a death drake
  2744 | D        | Reached skill level 1 in Shields
  2879 | D        | Killed a kraken
  2880 | D        | Reached XP level 12. HP: 41/67 MP: 1/29
  3024 | D        | Reached ****** piety under Sif Muna
  3024 | D        | Received a gift from Sif Muna
  3026 | D        | Got Sif Muna's Compendium of Congregated Conflict {god
                  | gift}
  3033 | D        | Learned a level 5 spell: Fireball
  3086 | D        | Noticed a sphinx
  3086 | D        | Noticed a sphinx
  3090 | D        | Killed a sphinx
  3091 | D        | Reached skill level 1 in Fighting
  3091 | D        | Killed a sphinx
  3092 | D        | Reached skill level 5 in Hexes
  3270 | D        | Noticed a deep elf blademaster
  3271 | D        | Reached skill level 16 in Fire Magic
  3271 | D        | Received a gift from Sif Muna
  3324 | D        | Killed a deep elf blademaster
  3325 | D        | Reached skill level 15 in Spellcasting
  3718 | D        | Received a gift from Sif Muna
  3721 | D        | Got Sif Muna's Tractate on Charms and Conjury {god gift}
  3784 | D        | Noticed a hellephant
  3784 | D        | Noticed Sonja
  3784 | D        | Noticed a purple draconian shifter
  3795 | D        | Killed Sonja
  3830 | D        | Killed from afar by a purple draconian shifter

Illustrated notes

Levels and vault maps discovered:
D:        the_violet_keep_of_menkaure [sprint2_stairs_cluster_1,
          sprint2_shoproom, sprint2_temple, sprint2_basic_supplies,
          sprint2_obstacle_2, sprint2_obstacle_7, sprint2_obstacle_6,
          sprint2_obstacle_1, sprint2_obstacle_5, sprint2_timed_cluster_1,
          sprint2_smallroom_cluster_1, sprint2_smallroom_final_cluster_1,
          sprint2_transparent_cluster_1, sprint2_second_timed_cluster_1,
          sprint2_sniper_area_1, sprint2_heavy_combat_area_1,
          sprint2_mutation_trap_area_1, sprint2_forest_area_1,
          sprint2_light_combat_area_1, sprint2_behind_water_1,
          sprint2_near_end_vault_1]

Skill      XL: |  1  2  3  4  5  6  7  8  9 10 11 12 |
---------------+-------------------------------------+-----
Dodging        | 3 4 5 6 7 |  7.1
Stealth        | 4 5 6 7 8 9 |  9.6
Unarmed Combat | 1 2 3 |  3.9
Spellcasting   | 3 4 6 7 8 10 11 13 15 | 15.5
Fire Magic     | 6 8 10 11 12 13 15 16 | 16.4
Conjurations   | 3 4 5 6 7 9 10 12 13 | 13.5
Hexes          | 1 2 3 4 5 |  5.1
Summonings     | 3 5 8 |  8.7
Ice Magic      | 2 3 4 5 6 |  6.0
Invocations    | 3 5 8 10 12 | 12.4
Shields        | 1 2 |  2.0
Fighting       | 1 |  1.4
Translocations | |  0.3

Action                   |  1- 3 |  4- 6 |  7- 9 | 10-12 || total
-------------------------+-------+-------+-------+-------++-------
Melee: Unarmed           |     4 |     3 |     4 |       ||    11
       Tentacles         |     1 |     3 |     2 |     2 ||     8
       Constrict         |     1 |       |     2 |     2 ||     5
       Staff             |       |       |       |    11 ||    11
       Punch             |       |       |       |     1 ||     1
 Cast: Scorch            |       |     2 |    16 |    50 ||    68
       Inner Flame       |       |     2 |     2 |    19 ||    23
       Conjure Flame     |       |     1 |     4 |       ||     5
       Foxfire           |       |     1 |    26 |    92 ||   119
       Flame Wave        |       |       |     8 |    12 ||    20
       Call Canine Famil |       |       |     2 |     4 ||     6
       Summon Small Mamm |       |       |     1 |       ||     1
       Summon Ice Beast  |       |       |     1 |    12 ||    13
       Frozen Ramparts   |       |       |     1 |     6 ||     7
       Blink             |       |       |       |     4 ||     4
       Iskenderun's Myst |       |       |       |     3 ||     3
       Fireball          |       |       |       |     3 ||     3
       Sticky Flame      |       |       |       |     1 ||     1
Invok: Channel Magic     |       |       |       |     2 ||     2
  Use: Potion            |     2 |     1 |     8 |    19 ||    30
       Scroll            |       |       |     5 |     5 ||    10
 Stab: Sleeping          |       |       |     1 |       ||     1
Armor: Skin              |       |       |     2 |     9 ||    11
Dodge: Dodged            |     1 |       |    15 |    27 ||    43
Block: Buckler           |       |       |       |    21 ||    21
       Reflection        |       |       |       |     1 ||     1

Table legend: (Time is in decaauts)
 A = Elapsed time spent in this place.
 B = Non-inter-level travel time spent in this place.
 C = Inter-level travel time spent in this place.
 D = Time resting spent in this place.
 E = Time spent auto-exploring this place.
 F = Levels seen in this place.
 G = Mean time per level.
                   A        B        C        D        E       F      G
               +--------+--------+--------+--------+--------+-----+--------+
         Total |   3821 |   3766 |     55 |   1546 |    312 |   1 | 3821.0 |
       Dungeon |   3821 |   3766 |     55 |   1546 |    312 |   1 | 3821.0 |
               +--------+--------+--------+--------+--------+-----+--------+

Top non-repeatable levels by time:
       D: 3821 daAuts
